 Dungeon Crawl Stone Soup version 0.29-a0-982-gaed3a0c8d8 (webtiles) character file.

Game seed: 4947933245541600573

1296 leavemydog the Cleaver (level 8, -3/70 HPs)
             Began as a Minotaur Fighter on Aug 1, 2022.
             Slain by Maggie
             ... wielding a +0 broad axe of distortion
              (20 damage)
             ... on level 6 of the Dungeon.
             The game lasted 00:05:27 (5933 turns).

leavemydog the Cleaver (Minotaur Fighter)           Turns: 5933, Time: 00:05:27

Health: -3/70      AC:  8    Str: 21    XL:     8   Next: 31%
Magic:  7/7        EV:  9    Int:  7    God:
Gold:   293        SH:  5    Dex: 16    Spells: 7/7 levels left

rFire   . . .      SeeInvis .   a - +0 war axe
rCold   . . .      Faith    .   c - +0 buckler
rNeg    . . .      Spirit   .   b - +0 scale mail
rPois   .          Reflect  .   (helmet restricted)
rElec   .          Harm     .   A - +0 cloak
rCorr   .          Rampage  .   (no gloves)
Will    .....                   (no boots)
Stlth   ..........              (no amulet)
HPRegen 0.21/turn               i - +6 ring of dexterity
MPRegen 0.10/turn               (no ring)

@: no status effects
A: horns 2, retaliatory headbutt
a: no special abilities


You were on level 6 of the Dungeon.
You visited 1 branch of the dungeon, and saw 6 of its levels.

You collected 293 gold pieces.

Inventory:

Hand Weapons
 a - a +0 war axe (weapon)
 C - the +3 woodcutter's axe {vorpal}
   (You found it on level 5 of the Dungeon)

   It inflicts extra damage upon your enemies.
Missiles
 s - 2 throwing nets (quivered)
Armour
 b - a +0 scale mail (worn)
 c - a +0 buckler (worn)
 A - a +0 cloak (worn)
Jewellery
 i - a +6 ring of dexterity (left hand)
 n - a ring of ice
 G - a ring of wizardry
Wands
 y - a wand of roots (9)
 B - a wand of mindburst (20)
Scrolls
 e - 3 scrolls of amnesia
 g - a scroll of noise {unknown}
 h - 2 scrolls of fog {unknown}
 k - a scroll of brand weapon {unknown}
 l - 2 scrolls of identify {unknown}
 m - a scroll of enchant armour {unknown}
 p - a scroll of blinking {unknown}
 q - 2 scrolls of enchant weapon {unknown}
 z - a scroll of fear {unknown}
 E - a scroll of teleportation {unknown}
 F - 2 scrolls of magic mapping
Potions
 d - 2 potions of might
 f - a potion of magic {unknown}
 j - a potion of attraction {unknown}
 o - 2 potions of berserk rage {unknown}
 r - 3 potions of degeneration {unknown}
 t - 4 potions of curing {unknown}
 u - 2 potions of flight {unknown}
 v - 2 potions of mutation {unknown}
 w - a potion of lignification {unknown}
 x - a potion of haste {unknown}
 D - 3 potions of brilliance {unknown}


   Skills:
 + Level 5.7 Fighting
 * Level 9.9 Axes
 + Level 6.2 Armour
 + Level 4.6 Shields


You had 7 spell levels left.
You didn't know any spells.
Your spell library was empty.

Dungeon Overview and Level Annotations

Branches:
Dungeon (6/15)
 Temple: D:4-7

Altars:
Ashenzari
Elyvilon
Fedhas
Zin

Annotations:
D:6 Maggie


Innate Abilities, Weirdness & Mutations

You have a pair of horns on your head.
You reflexively headbutt those who attack you in melee.


Message History

The black bear is moderately wounded.
You barely miss Maggie. The black bear barely misses you.
The black bear claws you but does no damage.
The black bear claws you. You block Maggie's attack.
You hit the black bear.
The black bear is heavily wounded.
You hit Maggie.
The black bear bites you but does no damage.
You block the black bear's attack. x2
Maggie hits you with a +0 broad axe of distortion.
Space warps around you.
You hit the black bear. Your headbutt misses the black bear.
The black bear is heavily wounded.
You hit Maggie. The black bear bites you. The black bear closely misses you.
The black bear claws you. Maggie closely misses you. You furiously retaliate!
You headbutt Maggie! Maggie closely misses you. The black bear bites you.
You block the black bear's attack. The black bear claws you.
You slash the black bear!
The black bear is almost dead.
You hit Maggie.
The black bear goes berserk!
Maggie hits you with a +0 broad axe of distortion.
Space warps around you.
You barely miss the black bear. Your headbutt misses the black bear.
The black bear is almost dead.
You barely miss Maggie. The black bear bites you!
You block the black bear's attack. x2
Maggie casts a spell at you. The bolt of fire hits you.
You hit the black bear.
The black bear is almost dead.
You hit Maggie but do no damage. You block the black bear's attack. x2
The black bear claws you.
* * * LOW HITPOINT WARNING * * *
The black bear bites you but does no damage.
The black bear barely misses you.
The black bear claws you but does no damage.
Maggie hits you with a +0 broad axe of distortion.
* * * LOW HITPOINT WARNING * * *
Space warps horribly around you!!
You die...

### #.+ #+#.###
#.....#
##+##.....+
#.$.#.....#
#+#..@#'#.#####
#....h@.#.'...+
###...#####...###
+... #.......#
#### #+#...#+####
#...#....#
##'##....#
#.##....#
#.......#
#.#####....####


You could see Maggie and a black bear (berserk).

Vanquished Creatures
  Prince Ribbit (D:5)
  A water moccasin (D:6)
  A black bear (D:4)
  An ogre (D:4)
  A centaur (D:4)
  A necrophage (D:5)
  A jelly (D:5)
  A hound (D:5)
  A gnoll bouda (D:6)
  An orc priest (D:3)
  Natasha (twice) (D:4)
  8 iguanas
  An orc wizard (D:6)
  Robin (D:4)
  6 gnolls
  8 adders
  An ufetubus (D:4)
  3 worms
  3 dart slugs
  19 orcs
  7 ball pythons
  3 bats
  8 endoplasms
  5 giant cockroaches
  14 goblins
  10 hobgoblins
  4 jackals (D:3)
  4 quokkas (D:1)
  4 frilled lizards
  8 kobolds
  6 rats
135 creatures vanquished.

Vanquished Creatures (others)
  A plant (D:4)
1 creature vanquished.

Grand Total: 136 creatures vanquished

Notes
Turn   | Place    | Note
-------+----------+-------------------------------------------
     0 | D:1      | leavemydog the Minotaur Fighter began the quest for the
                  | Orb.
     0 | D:1      | Reached XP level 1. HP: 19/19 MP: 0/0
   213 | D:1      | Reached XP level 2. HP: 27/27 MP: 1/1
   415 | D:1      | You fall into a shaft and drop 1 floor!
   499 | D:1      | Reached skill level 3 in Axes
   554 | D:1      | Reached XP level 3. HP: 30/33 MP: 2/2
  1268 | D:2      | Found a faded altar of an unknown god.
  1665 | D:2      | Reached skill level 4 in Axes
  1927 | D:3      | Reached XP level 4. HP: 37/40 MP: 3/3
  2434 | D:3      | Reached skill level 5 in Axes
  2607 | D:3      | Reached XP level 5. HP: 37/46 MP: 4/4
  3116 | D:4      | Noticed a centaur
  3123 | D:4      | Killed a centaur
  3124 | D:4      | Reached skill level 6 in Axes
  3124 | D:4      | Reached XP level 6. HP: 31/53 MP: 5/5
  3356 | D:4      | Noticed Natasha
  3362 | D:4      | Killed Natasha
  3437 | D:4      | Reached skill level 7 in Axes
  3711 | D:4      | Noticed Robin
  3719 | D:4      | Killed Robin
  3729 | D:4      | Reached XP level 7. HP: 52/60 MP: 6/6
  4132 | D:4      | Noticed Natasha
  4134 | D:4      | Killed Natasha
  4251 | D:5      | Entered Level 5 of the Dungeon
  4251 | D:5      | Found the +3 woodcutter's axe {vorpal}
  4357 | D:5      | Reached skill level 5 in Fighting
  4357 | D:5      | Reached skill level 8 in Axes
  4357 | D:5      | Reached skill level 5 in Armour
  4892 | D:5      | Noticed Prince Ribbit
  4899 | D:5      | Killed Prince Ribbit
  4900 | D:5      | Reached skill level 9 in Axes
  4900 | D:5      | Reached XP level 8. HP: 51/69 MP: 7/7
  5278 | D:6      | Found a blossoming altar of Fedhas.
  5280 | D:6      | Found a white marble altar of Elyvilon.
  5280 | D:6      | Found a glowing silver altar of Zin.
  5281 | D:6      | Found a broken altar of Ashenzari.
  5924 | D:6      | Noticed Maggie
  5933 | D:6      | Slain by Maggie

Illustrated notes

Levels and vault maps discovered:
D:1:      dpeg_arrival_rooms_with_view, layout_basic
D:2:      layout_loops_ring, basic_ecumenical_altar,
          chequers_serial_rivers_large_b
D:3:      layout_loops_corners
D:4:      layout_loops_corners, minmay_misc_feat_ornament, serial_bayou_pond_d,
          uniq_natasha, uniq_robin
D:5:      layout_cave_pools, uniq_prince_ribbit1
D:6:      nicolae_cairo_tiling_large, layout_basic,
          chequers_temple_overflow_statue_of_worship, serial_shops, shop,
          uniq_pikel, uniq_maggie

Skill      XL: |  1  2  3  4  5  6  7  8 |
---------------+-------------------------+-----
Fighting       | 4 5 |  5.7
Axes           | 3 4 5 6 7 9 |  9.9
Armour         | 4 5 6 |  6.2
Shields        | 4 |  4.6

Action                   |  1- 3 |  4- 6 |  7- 9 || total
-------------------------+-------+-------+-------++-------
Melee: War axe           |    86 |   102 |   112 ||   300
       Headbutt          |    12 |    13 |    21 ||    46
  Use: Scroll            |       |     1 |     1 ||     2
Armor: Scale mail        |    34 |    55 |    30 ||   119
Dodge: Dodged            |    35 |    52 |    46 ||   133
Block: Buckler           |    20 |    19 |    31 ||    70

Table legend: (Time is in decaauts)
 A = Elapsed time spent in this place.
 B = Non-inter-level travel time spent in this place.
 C = Inter-level travel time spent in this place.
 D = Time resting spent in this place.
 E = Time spent auto-exploring this place.
 F = Levels seen in this place.
 G = Mean time per level.
                   A        B        C        D        E       F      G
               +--------+--------+--------+--------+--------+-----+--------+
         Total |   6053 |   5870 |    183 |    660 |   4456 |   6 | 1008.8 |
       Dungeon |   6053 |   5870 |    183 |    660 |   4456 |   6 | 1008.8 |
               +--------+--------+--------+--------+--------+-----+--------+

Top non-repeatable levels by time:
     D:4: 1305 daAuts
     D:1: 1047 daAuts
     D:2: 1045 daAuts
     D:5: 985 daAuts
     D:3: 964 daAuts
     D:6: 704 daAuts
